 Dungeon Crawl Stone Soup version bcrawl-1.13.2 (webtiles) character file.

Game seed: 1058218785298576683

126 Revguard the Covered (level 4, -3/34 HPs)
             Began as a Demonspawn Archaeologist on Aug 8, 2019.
             Slain by Sigmund
             ... wielding a +0 scythe
              (7 damage)
             ... on level 3 of the Dungeon.
             The game lasted 00:05:52 (2184 turns).

Revguard the Covered (Demonspawn Archaeologist)     Turns: 2184, Time: 00:05:53

Health: -3/34      AC: 14    Str:  9 (11) XL:     4   Next: 84%
Magic:  4/4        EV:  4    Int: 17 (20) God:
Gold:   210        SH:  0    Dex: 11 (13) Spells: 3/3 levels left

rFire    . . .     SeeInvis +   r - +0 morningstar
rCold    . . .     Gourm    .   (no shield)
rNeg     . . .     Faith    .   s - +0 chain mail
rPois    .         Spirit   .   c - +1 hat
rElec    .         Reflect  .   (no cloak)
rCorr    .         Harm     .   (no gloves)
MR       .....                  d - +1 pair of boots
Stlth    ..........             (no amulet)
HPRegen  0.11/turn              l - ring of flight
MPRegen  0.09/turn              p - ring of see invisible

@: confused, brilliant, studying Armour
A: yellow scales 1, powered by death 1
a: Evoke Flight


You were on level 3 of the Dungeon.
You were hungry.

You visited 1 branch of the dungeon, and saw 3 of its levels.

You collected 210 gold pieces.

Inventory:

Hand Weapons
 a - a +0 whip
 r - a +0 morningstar (weapon)
Armour
 c - a +1 hat (worn)
 d - a +1 pair of boots (worn)
 s - a +0 chain mail (worn)
Jewellery
 l - a ring of flight (left hand)
 p - a ring of see invisible (right hand)
Scrolls
 h - 2 scrolls of identify {unknown}
 k - a scroll of amnesia {unknown}
 n - a scroll of teleportation {unknown}
 q - 2 scrolls of remove curse {unknown}
Books
 e - a manual of Armour
Miscellaneous
 f - an ancient crate
Comestibles
 g - 5 rations {!d}


   Skills:
 - Level 2.7 Fighting
 - Level 1.1 Maces & Flails
 * Level 3.7 Armour
 - Level 3.2 Dodging
 - Level 3.0 Stealth


You had 3 spell levels left.
You didn't know any spells.
Your spell library contained the following spells:

 Spells                   Type           Power        Failure   Level  Hunger
 Beastly Appendage        Tmut           ##....       83%         1    ##.....
 Sticks to Snakes         Tmut           ##......     91%         2    ###....
 Spider Form              Tmut/Pois      ##.          98%         3    ####...
 Ice Form                 Ice/Tmut       ##......     100%        4    #####..
 Blade Hands              Tmut           ##........   100%        5    ######.


Dungeon Overview and Level Annotations

Branches:
Dungeon (3/12)

Altars:
Vehumet

Annotations:
D:3 Sigmund


Innate Abilities, Weirdness & Mutations

You are partially covered in yellow scales. (AC +2)
You regenerate a little health from kills.


Message History

Sigmund casts a cantrip, but nothing happens.
Sigmund hits you but does no damage. Sigmund casts a spell at you.
The puff of flame hits you! Sigmund hits you but does no damage.
Sigmund hits you but does no damage.
You're too confused to attack without stumbling around!
You're too confused to attack without stumbling around!
You're too confused to attack without stumbling around!
You're too confused to move!
You're too confused to move!
Sigmund hits you with a +0 scythe.
* * * LOW HITPOINT WARNING * * *
You aren't carrying any potions.
You're too confused!
You closely miss Sigmund.
Sigmund is almost dead.
Sigmund gestures at you while chanting. The puff of flame hits you!
Sigmund hits you with a +0 scythe!
You die...

###.....# ##. ........#
#.... #.....#
#.##..###.....#
#####.###.........###
##...#...####...##....
##............<...#####
#.....@......####.###..
#.....@......# #...)..
#...........## #####..
##..........# #######..
##...#....## #.......#
#######..# ##.###...#
#...†# #..####..#
#....###.#.......
#................
#....###..#####..


You could see Sigmund.

Vanquished Creatures
  3 gnolls
  4 adders
  An ooze (D:2)
  3 dart slugs
  4 leopard geckos
  2 giant cockroaches
  8 goblins
  8 hobgoblins
  7 kobolds
  A bat (D:1)
  3 frilled lizards (D:2)
  6 rats
50 creatures vanquished.

Notes
Turn   | Place    | Note
-------+----------+-------------------------------------------
     0 | D:1      | Revguard the Demonspawn Archaeologist began the quest for
                  | the Orb.
     0 | D:1      | Reached XP level 1. HP: 15/15 MP: 1/1
    24 | D:1      | Gained mutation: You regenerate a little health from kills.
                  | [demonic ancestry]
    24 | D:1      | Reached XP level 2. HP: 8/21 MP: 2/2
   269 | D:1      | Reached skill level 1 in Maces & Flails
   441 | D:1      | Gained mutation: You are partially covered in yellow
                  | scales. (AC +2) [demonic ancestry]
   441 | D:1      | Reached XP level 3. HP: 25/27 MP: 3/3
   726 | D:1      | Reached skill level 1 in Armour
  1292 | D:2      | Reached XP level 4. HP: 33/33 MP: 4/4
  1523 | D:2      | Found a radiant altar of Vehumet.
  2098 | D:3      | Noticed Sigmund
  2184 | D:3      | Slain by Sigmund

Skill      XL: |  1  2  3  4 |
---------------+-------------+-----
Dodging        | 3 |  3.2
Maces & Flails | 1 |  1.1
Armour         | 2 3 |  3.7
Fighting       | 2 |  2.7
Stealth        | |  3.0

Action                   |  1- 3 |  4- 6 || total
-------------------------+-------+-------++-------
Melee: Whip              |   182 |    17 ||   199
       Morningstar       |       |    84 ||    84
  Use: Potion            |       |     6 ||     6
 Stab: Sleeping          |     8 |     2 ||    10
  Eat: Chunk             |     2 |     2 ||     4
Armor: Robe              |    61 |    12 ||    73
       Chain mail        |       |    29 ||    29
Dodge: Dodged            |   116 |    56 ||   172
